 Dungeon Crawl Stone Soup version 0.18-a0-1203-gbde16db (webtiles) character file.

590 M4edhros the Sneak (level 7, 0/43 HPs)
             Began as an Octopode Artificer on Jan 31, 2016.
             Slain by an orc
             ... wielding a +0 trident
              (11 damage)
             ... on level 5 of the Dungeon.
             The game lasted 00:02:40 (2125 turns).

M4edhros the Sneak (Octopode Artificer)             Turns: 2125, Time: 00:02:41

Health: 0/43       AC:  1    Str: 11    XL:     7   Next: 39%
Magic:  10/10      EV: 14    Int: 16    God:
Gold:   157        SH:  0    Dex: 12    Spells: 0 memorised, 6 levels left

rFire  . . .     SeeInvis .     s - +0 short sword (venom)
rCold  . . .     Gourm    .     (no shield)
rNeg   . . .     Faith    .     (helmet restricted)
rPois  .         Spirit   .     (no amulet)
rElec  .         Dismiss  .     (no ring)
rCorr  .         Reflect  .     (no ring)
SustAt .         Harm     .     (no ring)
MR     .....                    (no ring)
Stlth  +++++.....               (no ring)
                                (no ring)
                                (no ring)
                                (no ring)

@: not resistant to hostile enchantments, quite stealthy
A: almost no armour, amphibious, 8 rings, constrict 8, camouflage 1, gelatinous
body 1
a: no special abilities


You were on level 5 of the Dungeon.
You were not hungry.

You visited 1 branch of the dungeon, and saw 5 of its levels.

You collected 157 gold pieces.

Inventory:

Hand Weapons
 a - a +0 short sword
 m - a +0 dagger of venom
 s - a +0 short sword of venom (weapon)
Missiles
 j - 21 sling bullets
 p - 83 stones (quivered)
 r - 4 javelins
Wands
 b - a wand of flame (12/48)
 c - a wand of enslavement (15/24)
 d - a wand of random effects (8/48)
 k - a wand of fireball (7/15)
Scrolls
 e - 5 scrolls of remove curse
 l - 3 scrolls of teleportation {unknown}
 t - 2 scrolls of amnesia {unknown}
 w - a scroll of identify {unknown}
Potions
 h - 5 potions of curing
 i - 2 potions of heal wounds {unknown}
 n - 2 potions of lignification {unknown}
 o - a potion of resistance {unknown}
 q - a potion of mutation {unknown}
 u - a potion of flight {unknown}
Comestibles
 f - 3 bread rations
 g - 2 fruits
 v - a chunk of flesh


   Skills:
 - Level 1.0 Fighting
 - Level 1.0 Short Blades
 * Level 5.1 Dodging
 * Level 7.0 Stealth
 + Level 5.0 Evocations


You had 6 spell levels left.
You didn't know any spells.

Dungeon Overview and Level Annotations

Branches:
Dungeon (5/15)
 Temple: D:4-7

Altars:
Nemelex Xobeh
Ru


Innate Abilities, Weirdness & Mutations

You cannot wear most types of armour.
You are amphibious.
You can wear up to eight rings at the same time.
You can use your tentacles to constrict eight enemies at once.
Your skin changes colour to match your surroundings (Stealth).
Your rubbery body absorbs attacks (AC +1).


Message History

The orc hits you from afar with a trident!
The orc misses you.
You closely miss the orc.
The orc wizard shouts!
Your grab misses the orc. The orc hits you.
You hit the orc.
The orc is poisoned.
You grab the orc.
The orc is heavily wounded.
You constrict the orc.
The orc hits you from afar with a trident.
* * * LOW HITPOINT WARNING * * *
The orc completely misses you.
You hit the orc but do no damage.
The orc looks even sicker.
You squeeze the orc, but do no damage.
The orc is severely wounded.
You constrict the orc.
You kill the orc!
The orc closely misses you.
You are too injured to fight recklessly!
The orc hits you with a trident!
You die...

..#......#
...)).#### .#.
.##...# #.#
.##.รท.# #.# #.#
.....## #.# #.#
.#.>#####.##.# #o#
.........#.#.# #o#
......###.##.# #o#
......###.##.# #@#
..........##.# #.#
.[....##..##.# #.#
......##.....###.#
.##..............#
. #####..#########
.######..#
.........#
######..>#


You could see an orc wizard and 2 orcs.

Vanquished Creatures
  A phantom (D:4)
  2 ogres
  A scorpion (D:5)
  2 hounds
  A jelly (D:5)
  A centaur skeleton (D:5)
  2 orc wizards (D:4)
  A hound zombie (D:5)
  3 adders
  A shadow imp (D:5)
  An ooze (D:4)
  A worm (D:3)
  A giant gecko (D:4)
  7 orcs
  A ball python (D:1)
  7 bats (D:1)
  3 giant cockroaches (D:4)
  2 goblins (D:1)
  5 hobgoblins
  3 jackals (D:5)
  6 kobolds
  A giant newt (D:2)
  4 rats
57 creatures vanquished.

Notes
Turn   | Place    | Note
--------------------------------------------------------------
     0 | D:1      | M4edhros the Octopode Artificer began the quest for the Orb.
     0 | D:1      | Reached XP level 1. HP: 13/13 MP: 3/3
    65 | D:1      | Reached XP level 2. HP: 8/18 MP: 4/4
   391 | D:2      | Reached XP level 3. HP: 17/23 MP: 5/5
   583 | D:3      | Found a sparkling altar of Nemelex Xobeh.
   672 | D:4      | Reached XP level 4. HP: 24/28 MP: 6/6
   720 | D:4      | Found a sacrificial altar of Ru.
   731 | D:4      | Reached skill level 4 in Stealth
  1111 | D:4      | Reached XP level 5. HP: 33/33 MP: 6/8
  1401 | D:4      | Noticed a phantom
  1414 | D:4      | Killed a phantom
  1414 | D:4      | Reached skill level 5 in Stealth
  1414 | D:4      | Reached XP level 6. HP: 28/38 MP: 9/9
  1738 | D:5      | Entered Level 5 of the Dungeon
  1763 | D:5      | Reached skill level 6 in Stealth
  1763 | D:5      | Reached XP level 7. HP: 15/43 MP: 10/10
  2019 | D:5      | Reached skill level 5 in Dodging
  2020 | D:5      | Reached skill level 7 in Stealth
  2020 | D:5      | Reached skill level 5 in Evocations
  2125 | D:5      | Slain by an orc

Vault maps used:
D:1:      shiori_arrival_maze
D:2:      marbit_many_paths, fiery_altar_vehumet
D:3:      lemuel_doored_altar, nicolae_gozag_seed_capital, first_bread,
          uniq_natasha, uniq_crazy_yiuf_cottage
D:4:      nicolae_ru_great_annihilating_truth

Action                   |  1- 3 |  4- 6 |  7- 9 || total
-------------------------+-------+-------+-------++-------
Melee: Short sword       |    45 |    11 |    20 ||    76
       Dagger            |       |    29 |     7 ||    36
Evoke: Wand              |     1 |     9 |       ||    10
  Use: Scroll            |     2 |       |     1 ||     3
       Potion            |     1 |       |       ||     1
 Stab: Sleeping          |    13 |     5 |     6 ||    24
       Invisible         |       |     1 |       ||     1
       Paralysed         |       |     1 |       ||     1
       Distracted        |       |       |     1 ||     1
  Eat: Chunk             |       |     2 |     2 ||     4
